 Dungeon Crawl Stone Soup version 0.29.1-4-g47bece8355 (webtiles) character file.

Game seed: 7843428453036227801

9 ChadusMaximus the Caller (level 2, -2/19 HPs)
             Began as a Human Summoner on Dec 6, 2022.
             Frozen to death by an endoplasm (3 damage)
             ... on level 1 of the Dungeon.
             The game lasted 00:00:52 (531 turns).

ChadusMaximus the Caller (Human Summoner)            Turns: 531, Time: 00:00:53

Health: -2/19      AC:  2    Str:  8    XL:     2   Next: 25%
Magic:  0/5        EV: 12    Int: 15    God:
Gold:   21         SH:  0    Dex: 13    Spells: 4/5 levels left

rFire   . . .      SeeInvis .   d - +0 whip
rCold   . . .      Faith    .   (no shield)
rNeg    . . .      Spirit   .   a - +0 robe
rPois   .          Reflect  .   (no helmet)
rElec   .          Harm     .   (no cloak)
rCorr   .          Rampage  .   (no gloves)
Will    .....                   (no boots)
Stlth   ++........              (no amulet)
HPRegen 0.06/turn               (no ring)
MPRegen 0.09/turn               (no ring)

@: about to teleport
A: no striking features
a: no special abilities


You were on level 1 of the Dungeon.
You visited 1 branch of the dungeon, and saw 1 of its levels.

You collected 21 gold pieces.

Inventory:

Hand Weapons
 d - a +0 whip (weapon)
Armour
 a - a +0 robe (worn)
 e - a +0 buckler
Scrolls
 c - a scroll of teleportation
Potions
 b - a potion of magic


   Skills:
 + Level 2.2 Dodging
 + Level 2.2 Stealth
 + Level 2.1 Spellcasting
 + Level 4.1 Summonings


You had 4 spell levels left.
You knew the following spells:

 Your Spells              Type           Power      Damage    Failure   Level
a - Summon Small Mammal   Summ           56%        N/A       4%          1

Your spell library contained the following spells:

 Spells                   Type           Power      Damage    Failure   Level
 Call Imp                 Summ           14%        N/A       6%          2
 Call Canine Familiar     Summ           14%        N/A       12%         3
 Summon Guardian Golem    Hex/Summ       7%         N/A       28%         3
 Summon Lightning Spire   Summ/Air       7%         N/A       67%         4


Dungeon Overview and Level Annotations

Branches:
Dungeon (1/15)

Altars:


Message History

You hit the goblin.
You kill the goblin!
The kobold throws a stone.
The stone barely misses you.
The kobold throws a stone.
The stone closely misses you.
The kobold throws a stone.
The stone hits you.
* * * LOW HITPOINT WARNING * * *
Casting: Summon Small Mammal (safe; 4% risk of failure)
Confirm with . or Enter, or press ? or * to list all spells.
The kobold throws a stone.
The stone hits you.
* * * LOW HITPOINT WARNING * * *
You swap places.
A frilled lizard comes into view.
The frilled lizard hisses angrily.
Your bat closely misses the kobold.
An endoplasm comes into view.
The endoplasm quivers.
Your bat hits the kobold but does no damage.
Your bat completely misses the kobold.
Your bat hits the kobold.
As you read the scroll labelled GUBOAN MUSSYOSH, it crumbles to dust.
You feel strangely unstable.
It was a scroll of teleportation.
Your bat hits the kobold.
The kobold hits your bat with a +0 club.
Your bat dies!
Your bat's corpse disappears in a puff of smoke!
The frilled lizard bites you.
* * * LOW HITPOINT WARNING * * *
Okay, then.
Okay, then.
The frilled lizard closely misses you.
You hit the frilled lizard.
The frilled lizard is heavily wounded.
The kobold throws a stone.
The stone barely misses you. The frilled lizard barely misses you.
You hit the frilled lizard.
You kill the frilled lizard!
The kobold throws a stone.
The stone misses you. The endoplasm freezes you.
You are frozen.
You die...

...... ...... ..#
...... ..# ......
#.# ...... #.#
...... #.# ....$.
#.#
################J#
..........)...K.@#
..################
..# ..# ..# ..#
..# ..# ..#


You could see an endoplasm and a kobold.

Vanquished Creatures
  A bat (D:1)
  A goblin (D:1)
  A hobgoblin (D:1)
  A ball python (D:1)
  A frilled lizard (D:1)
5 creatures vanquished.

Vanquished Creatures (collateral kills)
  A goblin (D:1)
  2 hobgoblins (D:1)
  A rat (D:1)
4 creatures vanquished.

Grand Total: 9 creatures vanquished

Notes
Turn   | Place    | Note
-------+----------+-------------------------------------------
     0 | D:1      | ChadusMaximus the Human Summoner began the quest for the
                  | Orb.
     0 | D:1      | Reached XP level 1. HP: 13/13 MP: 3/3
   370 | D:1      | Reached XP level 2. HP: 12/19 MP: 1/5
   531 | D:1      | Frozen to death by an endoplasm

Illustrated notes

Levels and vault maps discovered:
D:1:      dpeg_arrival_signposts, layout_basic, minmay_misc_feat_more_columns

Action                   || total
-------------------------++-------
Melee: Whip              ||    25
       Punch             ||     1
 Cast: Summon Small Mamm ||    13
  Use: Scroll            ||     1
 Stab: Sleeping          ||     1
Armor: Robe              ||     7
Dodge: Dodged            ||    36
